 Dungeon Crawl Stone Soup version 0.19-a0-1111-gcceb26a (webtiles) character file.

270 Ijustatesigmund the Cudgeler (level 6, -1/49 HPs)
             Began as a Demonspawn Fighter on Aug 11, 2016.
             Slain by an ogre
             ... wielding a +0 giant spiked club
              (22 damage)
             ... on level 4 of the Dungeon.
             The game lasted 00:06:25 (3094 turns).

Ijustatesigmund the Cudgeler (Demonspawn Fighter)   Turns: 3094, Time: 00:06:26

Health: -1/49      AC: 15    Str: 16    XL:     6   Next: 1%
Magic:  0/6        EV:  7    Int: 10    God:
Gold:   174        SH:  8    Dex: 14    Spells: 0 memorised, 5 levels left

rFire  . . .     SeeInvis .     l - +0 morningstar
rCold  . . .     Gourm    .     b - +0 scale mail
rNeg   . . .     Faith    .     c - +0 shield
rPois  .         Spirit   +     (no helmet)
rElec  .         Dismiss  .     (no cloak)
rCorr  .         Reflect  .     (no gloves)
SustAt .         Harm     .     (no boots)
MR     .....                    (no amulet)
Stlth  ..........               (no ring)
                                (no ring)

@: lethally poisoned (-1 -> -4), sanguine armour
A: powered by pain 1, magic shield, sanguine armour 2
a: no special abilities


You were on level 4 of the Dungeon.
You were very hungry.

You visited 1 branch of the dungeon, and saw 4 of its levels.

You collected 174 gold pieces.

Inventory:

Hand Weapons
 a - a +1 flail
 l - a +0 morningstar (weapon)
Armour
 b - a +0 scale mail (worn)
 c - a +0 shield (worn)
Jewellery
 q - an uncursed ring of fire
Scrolls
 e - 2 scrolls of remove curse
 g - 3 scrolls of teleportation
 i - 2 scrolls of amnesia {unknown}
 k - a scroll of magic mapping
Potions
 d - a potion of lignification
 j - 2 potions of curing
 m - a potion of resistance
 o - 2 potions of agility
 t - 2 potions of cancellation
 v - a potion of haste {unknown}
 w - a potion of flight {unknown}
Comestibles
 f - 4 bread rations
 h - 5 meat rations
 n - 2 fruits
 p - 2 slices of pizza
 r - 2 beef jerkies
 s - a royal jelly


   Skills:
 + Level 4.3 Fighting
 * Level 4.5 Maces & Flails
 - Level 2.6 Armour
 - Level 1.5 Dodging
 - Level 2.6 Shields


You had 5 spell levels left.
You didn't know any spells.

Dungeon Overview and Level Annotations

Branches:
Dungeon (4/15)
 Temple: D:4-7

Altars:
Ashenzari


Innate Abilities, Weirdness & Mutations

You sometimes gain a little power by taking damage.
When hurt, damage is shared between your health and your magic reserves.
When seriously injured, your bleeding wounds create thick armour. (AC +9)


Message History

You puncture the ogre!
The ogre is heavily wounded.
You feel sick. You block the adder's attack.
The ogre hits you with a giant spiked club!
* * * LOW HITPOINT WARNING * * *
The adder closely misses you.
You are too injured to fight recklessly!
You are too injured to fight recklessly!
You are too injured to fight recklessly!
You are too injured to fight recklessly!
You feel much better. You block the adder's attack. The ogre barely misses you.
You hit the ogre.
The ogre is heavily wounded.
You feel sick. You block the adder's attack. x2
The ogre hits you with a giant spiked club!
Your shield and scale mail prevent you from hitting the ogre.
The ogre is heavily wounded.
The adder bites you but does no damage.
The ogre hits you with a giant spiked club!!
You die...

#.#### #.# #..# #
#.# #..# .# #.#
#..# #. #.# #..#..
#)# #..#. #.# ... #
#.# #S#.###># #.#
###@O.....#
#.#######..........
#.........#........
###########.####.##
#.# .# #.. . #.# #
#.# # .# .#######


You could see an ogre and an adder.

Vanquished Creatures
  An ogre (D:4)
  An iguana (D:4)
  Terence (D:2)
  A worker ant (D:4)
  4 adders
  2 oozes (D:1)
  3 dart slugs
  A giant gecko (D:1)
  An orc (D:4)
  6 bats
  6 giant cockroaches
  8 goblins
  7 hobgoblins
  A quokka (D:3)
  2 ball pythons (D:2)
  4 giant newts
  5 kobolds
  11 rats
65 creatures vanquished.

Notes
Turn   | Place    | Note
-------+----------+-------------------------------------------
     0 | D:1      | Ijustatesigmund the Demonspawn Fighter began the quest for the Orb.
     0 | D:1      | Reached XP level 1. HP: 18/18 MP: 1/1
   167 | D:1      | Gained mutation: When seriously injured, your bleeding wounds create armour. (AC +9) [demonic ancestry]
   167 | D:1      | Reached XP level 2. HP: 24/24 MP: 2/2
   516 | D:1      | Gained mutation: When hurt, damage is shared between your health and your magic reserves. [demonic ancestry]
   516 | D:1      | Reached XP level 3. HP: 22/29 MP: 3/3
   711 | D:1      | Reached skill level 1 in Dodging
   856 | D:2      | Noticed Terence
   870 | D:2      | Killed Terence
  1069 | D:2      | Reached XP level 4. HP: 29/35 MP: 4/4
  1999 | D:2      | Found a shattered altar of Ashenzari.
  2242 | D:3      | Found a faded altar of an unknown god.
  2809 | D:4      | Gained mutation: You sometimes gain a little power by taking damage. [demonic ancestry]
  2809 | D:4      | Reached XP level 5. HP: 15/42 MP: 2/5
  3022 | D:4      | Noticed an ogre
  3026 | D:4      | Killed an ogre
  3026 | D:4      | Gained mutation: When seriously injured, your bleeding wounds create thick armour. (AC +9) [demonic ancestry]
  3026 | D:4      | Reached XP level 6. HP: 45/49 MP: 6/6
  3094 | D:4      | Slain by an ogre

Vault maps used:
D:1:      kennysheep_arrival_forest, st_stairs_13, minmay_domino_2
D:2:      marbit_many_paths, uniq_terence
D:3:      ecumenical_altar_2, first_bread
D:4:      old_forge

Skill      XL: |  1  2  3  4  5 |
---------------+----------------+-----
Maces & Flails | 2 3 4 |  4.5
Dodging        | 1 |  1.5
Fighting       | 4 |  4.3
Armour         | |  2.6
Shields        | |  2.6

Action                   |  1- 3 |  4- 6 || total
-------------------------+-------+-------++-------
Melee: Flail             |    80 |       ||    80
       Morningstar       |     6 |   109 ||   115
  Use: Scroll            |     8 |     7 ||    15
       Potion            |     1 |     2 ||     3
  Eat: Chunk             |     1 |     5 ||     6
Armor: Scale mail        |    36 |    44 ||    80
Dodge: Dodged            |    22 |    33 ||    55
Block: Shield            |    41 |    53 ||    94
